 Dungeon Crawl Stone Soup version 0.29.0-15-g675c0067aa (webtiles) character file.

Game seed: 12142055878330366661

142 Zonian the Cutter (level 5, 0/61 HPs)
             Began as a Demonspawn Gladiator on Sept 11, 2022.
             Succumbed to an adder's poison
             ... on level 3 of the Dungeon.
             The game lasted 00:04:26 (3823 turns).

Zonian the Cutter (Demonspawn Gladiator)            Turns: 3823, Time: 00:04:27

Health: 0/61       AC: 22    Str: 15    XL:     5   Next: 3%
Magic:  5/5        EV:  2    Int:  9    God:
Gold:   157        SH:  0    Dex: 16    Spells: 4/4 levels left

rFire   . . .      SeeInvis .   a - +0 rapier
rCold   . . .      Faith    .   (no shield)
rNeg    . . .      Spirit   .   (body armour currently unavailable)
rPois   +          Reflect  .   (helmet currently unavailable)
rElec   .          Harm     .   (cloak currently unavailable)
rCorr   .          Rampage  .   (gloves currently unavailable)
Will    .....      NoTele   +   (boots currently unavailable)
Stlth   +.........              (no amulet)
HPRegen 0.20/turn               i - +4 ring of evasion
MPRegen 0.09/turn               (no ring)

@: lethally poisoned (0 -> -7), tree-form, attractive
A: stationary, stasis, torment immunity, boosted hp, foul stench 1, powered by
pain 1, (weakness stinger 1)
a: no special abilities


You were on level 3 of the Dungeon.
You were a tree.
You visited 1 branch of the dungeon, and saw 3 of its levels.

You collected 157 gold pieces.

Inventory:

Hand Weapons
 a - a +0 rapier (weapon)
Missiles
 d - 2 throwing nets (quivered)
 e - a javelin
 s - 4 poisoned darts
Armour
 b - a +0 leather armour (melded)
 c - a +0 helmet (melded)
Jewellery
 i - a +4 ring of evasion (left branch)
Scrolls
 j - a scroll of brand weapon {unknown}
 k - a scroll of magic mapping {unknown}
 l - 2 scrolls of identify {unknown}
 q - a scroll of immolation {unknown}
 t - a scroll of teleportation {unknown}
Potions
 f - a potion of haste {unknown}
 g - a potion of attraction
 h - a potion of lignification
 m - a potion of brilliance {unknown}
 n - a potion of curing {unknown}
 o - a potion of berserk rage {unknown}
 p - 2 potions of degeneration {unknown}
 r - a potion of magic {unknown}


   Skills:
 + Level 3.1 Fighting
 + Level 3.5 Short Blades
 + Level 2.8 Throwing
 + Level 3.4 Dodging


You had 4 spell levels left.
You didn't know any spells.
Your spell library was empty.

Dungeon Overview and Level Annotations

Branches:
Dungeon (3/15)

Altars:
Vehumet


Innate Abilities, Weirdness & Mutations

You are a tree.
Your roots penetrate the ground, keeping you stationary.
You cannot be teleported.
You are immune to unholy pain and torment.
Your maximum health is greatly increased.
Your equipment is partially melded.
You may rarely emit foul miasma when damaged in melee.
You sometimes gain a little power by taking damage.
((You have a small tail.))


Message History

You feel sick.
You feel sick.
You are no longer poisoned.
The adder hisses angrily.
The adder attacks as you move away! The adder bites you.
You are poisoned.
The adder poisons you!
You feel sick.
Unknown command.
Throw: 3 throwing nets
Press: ? - help, Shift-Dir - straight line, f - adder
Aim: an adder (44% to hit)
You throw a throwing net. The throwing net hits the adder.
The adder is caught in the net!
You feel sick.
The adder struggles against the net.
Unknown command.
You completely miss the adder.
You feel sick.
The adder struggles against the net. x2
You hit the adder.
The adder is moderately wounded.
You feel sick.
The adder struggles against the net.
The net rips apart, and the adder comes free!
You hit the adder.
The adder is severely wounded.
You feel sick. The adder bites you.
* * * LOW HITPOINT WARNING * * *
Unknown command.
It was a potion of attraction.
You feel attractive to monsters.
You feel sick. The adder bites you.
* * * LOW HITPOINT WARNING * * *
You are more poisoned.
The adder poisons you!
You emit a cloud of foul miasma!
The adder is engulfed in dark miasma.
The adder is poisoned.
You kill the adder!
You have reached level 5!
It was a potion of lignification.
You turn into a tree.
Your +0 helmet melds into your body.
Your +0 leather armour melds into your body.
Your roots penetrate the ground.
You die...

..# #.# ###.##..# # ..# #.# #
##.##.# ..# #†# #.##8.8#.#
..###.# #.# #........# ......#
#.# ####8.8### ..##### #.#
##.### ..################.#
#.#.# ..##....<........#.# #...#
####.###########♣#.# ###.# #.#
..#§#.# #.# #.# #.#.#S# #.#
#.#########.#.#.# #.# #...
...........# #.# #..#
######.#.### #.# #..#
#.........# #.#
####..####[###.#.#.###########.#
......##.........#.............#


There were no monsters in sight!

Vanquished Creatures
  4 gnolls (D:2)
  4 adders
  2 worms
  2 dart slugs (D:2)
  7 endoplasms
  5 giant cockroaches
  3 goblins
  4 hobgoblins
  6 jackals (D:2)
  3 kobolds
  3 quokkas
  4 ball pythons
  3 bats
  2 frilled lizards
  2 rats
54 creatures vanquished.

Notes
Turn   | Place    | Note
-------+----------+-------------------------------------------
     0 | D:1      | Zonian the Demonspawn Gladiator began the quest for the
                  | Orb.
     0 | D:1      | Reached XP level 1. HP: 16/16 MP: 1/1
   240 | D:1      | Gained mutation: You sometimes gain a little power by
                  | taking damage. [demonic ancestry]
   240 | D:1      | Reached XP level 2. HP: 22/22 MP: 2/2
  1521 | D:2      | Gained mutation: You have a small tail. [demonic ancestry]
  1521 | D:2      | Reached XP level 3. HP: 26/28 MP: 3/3
  1908 | D:2      | Found a faded altar of an unknown god.
  2120 | D:2      | Gained mutation: You may rarely emit foul miasma when
                  | damaged in melee. [demonic ancestry]
  2120 | D:2      | Reached XP level 4. HP: 22/34 MP: 4/4
  3109 | D:2      | Found a radiant altar of Vehumet.
  3822 | D:3      | HP: 1/35 [adder (3)]
  3823 | D:3      | Reached XP level 5. HP: 1/41 MP: 5/5
  3823 | D:3      | Succumbed to an adder's poison

Illustrated notes

Levels and vault maps discovered:
D:1:      minmay_arrival_hallway, layout_rooms, serial_corexii_hall,
          corexii_hall_statues_i, chequers_hall_statues_corner_a,
          corexii_hall_statues_l, corexii_hall_statues_l,
          chequers_hall_statues_y, corexii_hall_statues_x, lemuel_flame_loot_1
D:2:      layout_basic, basic_altar, nicolae_ecumenical_lake_church,
          chequers_big_river
D:3:      layout_basic, portal_sewer_entry_f, chequers_serial_rivers_micro_d,
          small_statue_intersection, uniq_robin

Skill      XL: |  1  2  3  4 |
---------------+-------------+-----
Throwing       | 2 |  2.8
Short Blades   | 3 |  3.5
Dodging        | 3 |  3.4
Fighting       | 3 |  3.1

Action                   |  1- 3 |  4- 6 || total
-------------------------+-------+-------++-------
Melee: Rapier            |   141 |    71 ||   212
       Tailslap          |     5 |     7 ||    12
Throw: Throwing net      |       |     1 ||     1
  Use: Potion            |       |     2 ||     2
 Stab: Sleeping          |     2 |       ||     2
Armor: Leather armour    |    24 |     3 ||    27
Dodge: Dodged            |   101 |    58 ||   159
